 Dungeon Crawl Stone Soup version 0.29.1-4-g47bece8355 (webtiles) character file.

Game seed: 4824616693674532980

5 ChadusMaximus the Caller (level 1, -2/10 HPs)
             Began as a Deep Elf Summoner on Dec 5, 2022.
             Slain by a goblin
             ... wielding a +0 club
              (4 damage)
             ... on level 1 of the Dungeon.
             The game lasted 00:00:33 (564 turns).

ChadusMaximus the Caller (Deep Elf Summoner)         Turns: 564, Time: 00:00:34

Health: -2/10      AC:  2    Str:  5    XL:     1   Next: 66%
Magic:  3/6        EV: 12    Int: 19    God:
Gold:   13         SH:  0    Dex: 15    Spells: 5/6 levels left

rFire   . . .      SeeInvis .   (no weapon)
rCold   . . .      Faith    .   (no shield)
rNeg    . . .      Spirit   .   a - +0 robe
rPois   .          Reflect  .   (no helmet)
rElec   .          Harm     .   (no cloak)
rCorr   .          Rampage  .   (no gloves)
Will    .....                   (no boots)
Stlth   ++........              (no amulet)
HPRegen 0.03/turn               (no ring)
MPRegen 0.10/turn               (no ring)

@: no status effects
A: no striking features
a: no special abilities


You were on level 1 of the Dungeon.
You visited 1 branch of the dungeon, and saw 1 of its levels.

You collected 13 gold pieces.

Inventory:

Armour
 a - a +0 robe (worn)
Scrolls
 e - a scroll of fear {unknown}
Potions
 b - a potion of magic
 c - 2 potions of lignification {unknown}
 d - a potion of haste {unknown}
 f - 2 potions of resistance {unknown}


   Skills:
 + Level 2.6 Dodging
 + Level 2.6 Stealth
 + Level 3.1 Spellcasting
 + Level 4.4 Summonings


You had 5 spell levels left.
You knew the following spells:

 Your Spells              Type           Power      Damage    Failure   Level
a - Summon Small Mammal   Summ           80%        N/A       2%          1

Your spell library contained the following spells:

 Spells                   Type           Power      Damage    Failure   Level
 Call Imp                 Summ           20%        N/A       3%          2
 Call Canine Familiar     Summ           20%        N/A       7%          3
 Summon Guardian Golem    Hex/Summ       11%        N/A       19%         3
 Summon Lightning Spire   Summ/Air       11%        N/A       52%         4


Dungeon Overview and Level Annotations

Branches:
Dungeon (1/15)

Altars:


Message History

Your bat hits the hobgoblin but does no damage. x2
Your bat barely misses the hobgoblin.
Your bat barely misses the hobgoblin.
Your bat hits the hobgoblin but does no damage.
The hobgoblin misses you.
Your bat hits the hobgoblin but does no damage.
The hobgoblin closely misses you.
Your bat barely misses the hobgoblin.
Your bat hits the hobgoblin but does no damage.
The hobgoblin barely misses you.
A goblin comes into view. It is wielding a +0 club.
Your bat hits the hobgoblin but does no damage.
The hobgoblin hits you.
Your bat hits the hobgoblin. The hobgoblin barely misses you.
Casting: Summon Small Mammal (safe; 2% risk of failure)
Confirm with . or Enter, or press ? or * to list all spells.
Your bat hits the hobgoblin but does no damage.
Your bat closely misses the hobgoblin.
Your bat barely misses the hobgoblin. x2
The hobgoblin misses your bat.
Your bat barely misses the hobgoblin. x2
Your bat hits the hobgoblin but does no damage.
Your bat misses the hobgoblin.
Your bat hits the hobgoblin but does no damage.
Your bat closely misses the goblin.
The goblin hits you with a +0 club.
Your bat hits the hobgoblin but does no damage.
Your bat barely misses the hobgoblin.
The goblin hits you but does no damage. The hobgoblin hits your bat.
Your bat dies!
Your bat's corpse disappears in a puff of smoke!
The hobgoblin shouts!
The goblin attacks as you move away! The goblin hits you with a +0 club.
* * * LOW HITPOINT WARNING * * *
Your bat hits the hobgoblin. x2; The hobgoblin hits your bat.
Casting: Summon Small Mammal (safe; 2% risk of failure)
Confirm with . or Enter, or press ? or * to list all spells.
Your bat closely misses the hobgoblin.
The hobgoblin hits your bat.
Your bat dies!
Your bat's corpse disappears in a puff of smoke!
The goblin hits you with a +0 club.
You die...

.#.....÷#.###........###..######
.#......#.# #........+....#
...###..#.# #........##...# ...#
#.## #........##...# ...# #.#
.........##...##### .......#
#.........##.......# ..>###.#
...########...###.# ....
..#############..## #.# #####
......rg@........# #.#
.##..§..########.####.# #.§g..#
#......# #.....# ########
##..### ##. .. ≈..


You could see a hobgoblin (unaware), a goblin (ally target) and a friendly
quokka (summoned).

Vanquished Creatures (collateral kills)
  A ball python (D:1)
  A bat (D:1)
  A hobgoblin (D:1)
  A frilled lizard (D:1)
  A kobold (D:1)
5 creatures vanquished.

Notes
Turn   | Place    | Note
-------+----------+-------------------------------------------
     0 | D:1      | ChadusMaximus the Deep Elf Summoner began the quest for the
                  | Orb.
     0 | D:1      | Reached XP level 1. HP: 10/10 MP: 6/6
   564 | D:1      | Slain by a goblin

Illustrated notes

Levels and vault maps discovered:
D:1:      wander_arrival_lonely_grave, layout_basic,
          nicolae_kite_square_tiling_tiny

Action                   || total
-------------------------++-------
 Cast: Summon Small Mamm ||    13
Armor: Robe              ||     3
Dodge: Dodged            ||    11
